 Dungeon Crawl Stone Soup version 0.31-a0-1074-g0b22e4e0f1 (webtiles) character file.

Game seed: 13038718326974087831

200 Dittersdorf the Covered (level 5, -7/34 HPs)
             Began as a Gargoyle Fighter on Dec 7, 2023.
             Mangled by a hornet (8 damage)
             ... on level 4 of the Dungeon.
             The game lasted 00:03:07 (2193 turns).

Dittersdorf the Covered (Gargoyle Fighter)          Turns: 2193, Time: 00:03:08

Health: -7/34      AC: 12    Str: 22    XL:     5   Next: 79%
Magic:  5/5        EV:  9    Int:  8    God:
Gold:   131        SH:  4    Dex:  9    Spells: 4/4 levels left

rFire   . . .        a - +0 flail
rCold   . . .        c - +0 buckler
rNeg    + . .        b - +0 scale mail
rPois   ∞            (no helmet)
rElec   +            (no cloak)
rCorr   .            (no gloves)
SInv    .            v - +0 pair of boots
Will    .....        (no amulet) Stlth
                     o - +4 ring of slaying
HPRegen 0.25/turn    x - ring of flight
MPRegen 0.09/turn

%: no passive effects
@: flying
A: sickness immunity, AC +4, negative energy resistance 1, electricity
resistance, torment resistance 1, petrification resistance
a: no special abilities


You were on level 4 of the Dungeon.
You visited 1 branch of the dungeon, and saw 4 of its levels.

You collected 131 gold pieces.

Inventory:

Hand Weapons
 a - a +0 flail (weapon)
Missiles
 f - 12 poisoned darts (quivered)
Armour
 b - a +0 scale mail (worn)
 c - a +0 buckler (worn)
 m - a +0 plate armour
 v - a +0 pair of boots (worn)
Jewellery
 o - a +4 ring of slaying (left hand)
 x - a ring of flight (right hand)
Scrolls
 g - 2 scrolls of revelation
 h - 2 scrolls of immolation {unknown}
 r - a scroll of fear {unknown}
 t - a scroll of teleportation {unknown}
 w - 2 scrolls of identify {unknown}
Potions
 d - a potion of might
 i - a potion of heal wounds {unknown}
 j - a potion of berserk rage {unknown}
 k - a potion of cancellation {unknown}
 l - a potion of resistance {unknown}
 n - 2 potions of curing {unknown}
 p - 2 potions of enlightenment {unknown}
 q - a potion of lignification {unknown}
 s - 2 potions of degeneration {unknown}
 u - a potion of haste {unknown}
 z - a potion of mutation {unknown}


   Skills:
 + Level 4.4 Fighting
 + Level 3.2 Maces & Flails
 + Level 4.5 Armour
 + Level 4.4 Shields


You had 4 spell levels left.
You didn't know any spells.
Your spell library contained the following spells:

 Spells                   Type           Power      Damage    Failure   Level
 Slow                     Hex            0%         N/A       80%         1
 Wereblood                Tmut           0%         N/A       90%         2
 Confusing Touch          Hex            0%         N/A       99%         3
 Sigil of Binding         Hex            0%         N/A       99%         3
 Vampiric Draining        Necr           0%         2d6       99%         3
 Petrify                  Tmut/Erth      0%         N/A       100%        4
 Irradiate                Conj/Tmut      0%         3d11      100%        5
 Sublimation of Blood     Necr           Unusable   N/A       N/A         2

Dungeon Overview and Level Annotations

Branches:
Dungeon (4/15)             Temple (0/1) D:4

Altars:
Uskayaw

Shops:
D:2 *


Innate Abilities, Weirdness & Mutations

You are immune to sickness and miasma.
Your stone body is resilient. (AC +4)
You are immune to poison.
You resist negative energy. (rN+)
You are resistant to electric shocks. (rElec)
You are resistant to unholy torment.
You are immune to petrification.


Message History

You miss the hornet. The hornet stings you! The hornet barely misses you.
You hit the hornet.
The hornet is lightly wounded.
You block the hornet's attack. The hornet barely misses you.
You sock the hornet!
The hornet is moderately wounded.
The hornet closely misses you. The hornet stings you.
You closely miss the hornet.
The hornet is moderately wounded.
You block the hornet's attack. The jelly hits you but does no damage.
The hornet barely misses you.
You barely miss the hornet.
The hornet is moderately wounded.
The hornet stings you but does no damage.
The jelly hits you but does no damage.
Throw: 13 darts (poison)
Press: ? - help, Q - select action Shift-Dir - straight line, f/p - hornet
Aim: a hornet (moderately wounded, 44% to hit)
You throw a poisoned dart.
The poisoned dart closely misses the hornet.
The poisoned dart hits the worm.
The hornet barely misses you. The jelly hits you but does no damage.
The hornet stings you but does no damage.
You miss the hornet.
The hornet is moderately wounded.
You block the hornet's attack. The jelly closely misses you.
The hornet stings you.
* * * LOW HITPOINT WARNING * * *
The jelly hits you but does no damage.
You sock the hornet!
The hornet is severely wounded.
The hornet stings you.
* * * LOW HITPOINT WARNING * * *
The jelly hits you but does no damage. The hornet closely misses you.
You barely miss the hornet.
The hornet is severely wounded.
The hornet stings you.
* * * LOW HITPOINT WARNING * * *
The jelly hits you but does no damage. The hornet stings you!
You die...

*,,,,,>,,,***,,,,,,,,,,,*,,,,,,,
**,,,,,,,,,**,,...,,,,,,,***,,,,,
,,,,,,,,*,,,**,...,*,,,,,,,,,***,
,,,,,,,,,,,,,###.###,,,,,,,,** **
*,,,,,,,,*,,,,.....#,,...,,,* ***
**,,,,,,,#.,,*#....,,....,,,***~*
**,,,,,,,....##...*,....*,,,**~~~
*,,,,,,,,......J.#*#....#*#.,*~~~
*,,,,,,,,,.,,,,#@###.#*.##.,,**~*
***,,,,,,,...,,#y#...##...,,###~*
**,,,,,,*,,#..#wK....#.......#~#
*,,,,,,***,#......##...#....##~#
*,,,,,,,........#.###..##...#~~~
**,,,,*,$.....#.#...#.###...#~~~
**,,,,,,K.....#.#.....###...##~#
*,,,,,,,......#...(..........###
*,,,,,,,........................


You could see a hornet, a worm, a jelly and a kobold.

Vanquished Creatures
  Natasha (D:2)
  An iguana (D:3)
  4 gnolls (D:2)
  3 adders
  3 worms
  3 dart slugs
  5 ball pythons
  2 bats
  8 endoplasms
  2 giant cockroaches
  5 goblins
  7 hobgoblins
  6 jackals
  2 quokkas
  4 frilled lizards
  6 kobolds
  8 rats
70 creatures vanquished.

Notes
Turn   | Place    | Note
-------+----------+-------------------------------------------
     0 | D:1      | Dittersdorf the Gargoyle Fighter began the quest for the
                  | Orb.
     0 | D:1      | Reached XP level 1. HP: 14/14 MP: 1/1
    78 | D:1      | Reached XP level 2. HP: 11/19 MP: 2/2
   495 | D:1      | Reached XP level 3. HP: 20/23 MP: 3/3
   722 | D:2      | Found a hide-covered altar of Uskayaw.
   872 | D:2      | Reached XP level 4. HP: 29/29 MP: 4/4
  1065 | D:2      | Found Ikkaadgh's General Store.
  1099 | D:2      | Noticed Natasha
  1112 | D:2      | Killed Natasha
  1113 | D:2      | Reached XP level 5. HP: 18/33 MP: 5/5
  1553 | D:3      | Found a faded altar of an unknown god.
  1553 | D:3      | Noticed a cacodemon
  2178 | D:4      | Noticed a hornet
  2193 | D:4      | HP: 1/34 [hornet (5)]
  2193 | D:4      | Mangled by a hornet

Illustrated notes

Levels and vault maps discovered:
D:1:      spicycebolla_green_bress_n_ham, layout_basic, minmay_indecisive_spiral
D:2:      layout_basic, serial_shops, nicolae_shop_pleasant_corner_grove,
          basic_altar, nicolae_grassy_gnolls, uniq_natasha
D:3:      layout_basic, dreamdust_ecumenical_altar_sealed_demon
D:4:      layout_cave_pools, hellmonk_okawaru_the_only_friend_you_need,
          dk_yredelemnul_ordeal, minmay_temple_entry_drinking_statues,
          gup_sewer_entry_bubbles

Skill      XL: |  1  2  3  4 |
---------------+-------------+-----
Fighting       | 4 |  4.4
Armour         | 4 |  4.5
Shields        | 4 |  4.4
Maces & Flails | 3 |  3.2

Action                     |  1- 3 |  4- 6 || total
---------------------------+-------+-------++-------
  Melee: Flail             |    99 |    97 ||   196
  Throw: Dart              |       |     4 ||     4
    Use: Scroll            |       |     2 ||     2
 Armour: Scale mail        |    80 |    75 ||   155
  Dodge: Dodged            |    24 |    53 ||    77
  Block: Buckler           |    23 |    18 ||    41

Table legend: (Time is in decaauts)
 A = Elapsed time spent in this place.
 B = Non-inter-level travel time spent in this place.
 C = Inter-level travel time spent in this place.
 D = Time resting spent in this place.
 E = Time spent auto-exploring this place.
 F = Levels seen in this place.
 G = Mean time per level.
                   A        B        C        D        E       F      G
               +--------+--------+--------+--------+--------+-----+--------+
         Total |   2250 |   2185 |     65 |     15 |   1638 |   4 |  562.5 |
       Dungeon |   2250 |   2185 |     65 |     15 |   1638 |   4 |  562.5 |
               +--------+--------+--------+--------+--------+-----+--------+

Top non-repeatable levels by time:
     D:3: 881 daAuts
     D:1: 754 daAuts
     D:2: 578 daAuts
     D:4: 36 daAuts
